 Dungeon Sprint DCSS version 0.20-b1-24-gb21faa7 (webtiles) character file.

1092 potatolord6000 the Spear-Bearer (level 8, -2/72 HPs)
             Began as a Merfolk Gladiator on May 25, 2017.
             Was an Initiate of Gozag.
             Slain by an 11-headed hydra (14 damage)
             ... in the Dungeon (Sprint IX: "|||||||||||||||||||||||||||||").
             The game lasted 00:02:05 (436 turns).

potatolord6000 the Spear-Bearer (Merfolk Gladiator)  Turns: 436, Time: 00:02:05

Health: -2/72      AC: 13    Str: 22    XL:     8   Next: 31%
Magic:  8/8        EV: 23    Int:  8    God:    Gozag
Gold:   486        SH:  0    Dex: 17    Spells: 7/7 levels left

rFire    + . .     SeeInvis .   l - +2 halberd (protect)
rCold    + . .     Gourm    .   (shield currently unavailable)
rNeg     . . .     Faith    .   b - +0 leather armour
rPois    +         Spirit   .   c - +0 helmet
rElec    +         Reflect  .   (no cloak)
rCorr    +         Harm     .   a - +0 pair of gloves
MR       .....     NoTele   +   (no boots)
Stlth    +.........             (no amulet)
Regen    0.3/turn               m - +3 ring of strength
MPRegen  0.2/turn               n - +2 ring of evasion

@: mighty, resistant, protection aura, hasted, very quick
A: change form in water, swift swim, stealthy swim
a: Potion Petition, Call Merchant, Bribe Branch, Renounce Religion


You were in the Dungeon.
You worshipped Gozag.
Gozag was aware of your devotion.
You were full.

You visited 1 branch You collected 486 gold pieces.

Inventory:

Hand Weapons
 l - a +2 halberd of protection (weapon)
Armour
 a - a +0 pair of gloves (worn)
 b - a +0 leather armour (worn)
 c - a +0 helmet (worn)
Jewellery
 m - a +3 ring of strength (left hand)
 n - a +2 ring of evasion (right hand)
Scrolls
 h - 3 scrolls of remove curse
 j - 2 scrolls of amnesia
 k - 2 scrolls of blinking
Potions
 e - 2 potions of heal wounds
 g - 4 potions of curing
 i - 4 potions of magic


   Skills:
 + Level 10.0 Fighting
 + Level 12.9 Polearms
 - Level 2.0 Throwing
 + Level 6.7 Armour
 + Level 12.1 Dodging


You had 7 spell levels left.
You didn't know any spells.

Dungeon Overview and Level Annotations

Branches:
Dungeon (1/1)

Altars:
Cheibriados
Dithmenos
Elyvilon
Fedhas
Gozag
Hepliaklqana
Kikubaaqudgha
Makhleb
Nemelex Xobeh
Okawaru
Qazlal
Ru
Sif Muna
Trog
Uskayaw
Vehumet
Xom
Yredelemnul
Zin
The Shining One
Beogh
Jiyva
Lugonu


Message History

The nine-headed hydra barely misses you.
The nine-headed hydra closely misses you.
The nine-headed hydra barely misses you.
The nine-headed hydra misses you.
You hack one of the nine-headed hydra's heads off!
The eight-headed hydra grows two more!
You slice the ten-headed hydra!!
The ten-headed hydra is heavily wounded.
You chop one of the ten-headed hydra's heads off!
The nine-headed hydra grows two more!
You impale the 11-headed hydra!!
The 11-headed hydra is heavily wounded.
The 11-headed hydra barely misses you.
The 11-headed hydra completely misses you.
The 11-headed hydra bites you but does no damage.
The 11-headed hydra barely misses you. The 11-headed hydra misses you. x2
The 11-headed hydra bites you.
* * * LOW HITPOINT WARNING * * *
The 11-headed hydra closely misses you. The 11-headed hydra misses you.
The 11-headed hydra barely misses you. The 11-headed hydra bites you!
You die...
Your body crumbles into a pile of gold.

▓.▓
▓5▓
▓o▓
▓{▓
▓W▓
▓5▓
▓D▓
$
▓@▓
$
▓.▓
$
▓.▓
$
▓.▓
$ $
▓)▓
▓.▓
$
▓)▓
▓.▓
$
▓.▓


You could see a 11-headed hydra, a wraith, 2 shadow imps and an orc.

Vanquished Creatures
  A two-headed ogre (D)
  A hippogriff (D)
  A sky beast (D)
  A phantom (D)
  A hound (D)
  An orc priest (D)
  A worker ant (D)
  An adder (D)
  A worm (D)
  An orc (D)
  2 giant cockroaches (D)
  A hobgoblin (D)
  A ball python (D)
  A goblin (D)
  A rat (D)
16 creatures vanquished.

Notes
Turn   | Place    | Note
-------+----------+-------------------------------------------
     0 | D        | potatolord6000 the Merfolk Gladiator began the quest for the Orb.
     0 | D        | Reached XP level 1. HP: 16/16 MP: 1/1
    23 | D        | Noticed a sky beast
    23 | D        | Noticed an orc priest
    33 | D        | Killed an orc priest
    33 | D        | Reached skill level 5 in Dodging
    33 | D        | Reached XP level 2. HP: 17/25 MP: 2/2
    33 | D        | Reached XP level 3. HP: 20/30 MP: 3/3
    66 | D        | Killed a sky beast
    66 | D        | Reached skill level 5 in Fighting
    66 | D        | Reached XP level 4. HP: 40/40 MP: 4/4
    66 | D        | Reached XP level 5. HP: 46/46 MP: 5/5
    71 | D        | Found a roughly hewn altar of Beogh.
    71 | D        | Found a snail-covered altar of Cheibriados.
    71 | D        | Found a shadowy altar of Dithmenos.
    71 | D        | Found a white marble altar of Elyvilon.
    71 | D        | Found a blossoming altar of Fedhas.
    71 | D        | Found an opulent altar of Gozag.
    72 | D        | Found a hazy altar of Hepliaklqana.
    73 | D        | Found a viscous altar of Jiyva.
    74 | D        | Found an ancient bone altar of Kikubaaqudgha.
    75 | D        | Found a corrupted altar of Lugonu.
    76 | D        | Found a burning altar of Makhleb.
    77 | D        | Found a sparkling altar of Nemelex Xobeh.
    78 | D        | Found an iron altar of Okawaru.
    79 | D        | Became a worshipper of Gozag Ym Sagoz the Greedy
    80 | D        | Found a stormy altar of Qazlal.
    81 | D        | Found a sacrificial altar of Ru.
    82 | D        | Found a deep blue altar of Sif Muna.
    83 | D        | Found a bloodstained altar of Trog.
    84 | D        | Found a hide-covered altar of Uskayaw.
    85 | D        | Found a radiant altar of Vehumet.
    87 | D        | Found a shimmering altar of Xom.
    88 | D        | Found a basalt altar of Yredelemnul.
    89 | D        | Found a glowing silver altar of Zin.
    90 | D        | Found a glowing golden altar of the Shining One.
   162 | D        | Noticed a hippogriff
   162 | D        | Noticed a two-headed ogre
   162 | D        | Noticed a phantom
   184 | D        | Killed a two-headed ogre
   184 | D        | Reached XP level 6. HP: 32/59 MP: 6/6
   184 | D        | Reached XP level 7. HP: 35/64 MP: 7/7
   190 | D        | Reached XP level 8. HP: 27/72 MP: 8/8
   200 | D        | Killed a hippogriff
   200 | D        | Reached skill level 10 in Fighting
   431 | D        | Noticed a wraith
   431 | D        | Noticed an eight-headed hydra
   436 | D        | Slain by an 11-headed hydra

Skill      XL: |  1  2  3  4  5  6  7  8 |
---------------+-------------------------+-----
Fighting       | 4 5 9 10 | 10.0
Polearms       | 6 8 12 | 12.9
Armour         | 2 3 6 |  6.7
Dodging        | 5 7 11 12 | 12.1
Throwing       | |  2.0

Action                   |  1- 3 |  4- 6 |  7- 9 || total
-------------------------+-------+-------+-------++-------
Melee: Trident           |    49 |       |       ||    49
       Halberd           |       |    21 |    20 ||    41
Invok: Potion Petition   |       |       |     1 ||     1
  Use: Potion            |     4 |     1 |       ||     5
 Stab: Invisible         |       |     1 |     2 ||     3
  Eat: Bread ration      |       |       |     1 ||     1
Armor: Leather armour    |     3 |     6 |    11 ||    20
Dodge: Dodged            |    23 |    32 |    40 ||    95
